Cogmind - Beta 13 X3 @@@ ROGUE MODE // 2024.02.21 @ 18:34:10 Player: Minty Result: Destroyed by PT-G7U(R) with Subdweller Machine Gun Performance ------------- Evolutions (0) 0 Regions Visited (3) 600 Robots Destroyed (27) 135 Value Destroyed (799) 799 Prototype IDs (12) 240 Alien Tech Used (0) 0 Bonus (-2) -2 TOTAL SCORE: 1772 Bonus ------- Follower Combat Kills 30 Friendly Fire -32 Cogmind --------- Core Integrity 0/250 Matter 0/300 Energy 170/170 System Corruption 2% Temperature Cool (0) Movement Treading (160) Location -10/Subcaves Parts ------- > --- POWER (1+1) ------ Makeshift Power Source > --- PROPULSION (2+1) - Spiked Treads Spiked Treads > --- UTILITY (2+1) ---- Small Storage Unit Makeshift Light Armor Plating (+) Rainbow Chip > --- WEAPON (2+1) ----- Subdweller Shrapnel Launcher > --- INVENTORY (8) ---- Medium Battery (150) Makeshift Shrapnel Gun Grenade Launcher Mining Laser Multitool Piercing Trap Large Botcube Peak State ------------ > --- POWER ------------ Makeshift Power Source > --- PROPULSION ------- Spiked Treads Spiked Treads > --- UTILITY ---------- Small Storage Unit Makeshift Light Armor Plating Rainbow Chip > --- WEAPON ----------- Barrage Gun Makeshift Shrapnel Gun > --- INVENTORY -------- Medium Battery Grenade Launcher Subdweller Shrapnel Launcher Mining Laser Multitool Piercing Trap Large Botcube [Rating: 36] Favorites ----------- Power Light Ion Engine Engine Light Ion Engine Propulsion Spiked Treads Treads Spiked Treads Leg Aluminum Leg Wheel Subdweller Monowheel Hover Unit Hover Unit Utility Small Storage Unit Device Sensor Array Storage Small Storage Unit Processor Signal Interpreter Protection Makeshift Light Armor Plating Weapon Battle Rifle Energy Gun EM Shotgun Ballistic Gun Battle Rifle Launcher Subdweller Shrapnel Launcher Special Weapon Mining Laser Build | -11 -10 -10 -10 ------- Run | Yrd Mat Min Sub Slots Evolved . | . . . . Power . | . . . . Propulsion . | . . . . Utility . | . . . . Weapon . | . . . . Parts Attached 54 | . 11 1 42 Power 9 | . 1 . 8 Engine 9 | . 1 . 8 Core . | . . . . Reactor . | . . . . Propulsion 11 | . 2 . 9 Treads 3 | . . . 3 Leg . | . . . . Wheel 6 | . . . 6 Hover 2 | . 2 . . Flight . | . . . . Utility 7 | . 3 . 4 Device 1 | . 1 . . Storage 1 | . . . 1 Processor 3 | . 2 . 1 Hackware . | . . . . Protection 2 | . . . 2 Artifact . | . . . . Weapon 27 | . 5 1 21 Energy Gun 6 | . 3 . 3 Energy Cannon . | . . . . Ballistic Gun 11 | . 2 . 9 Ballistic Cannon . | . . . . Launcher 3 | . . . 3 Special Weapon 7 | . . 1 6 Impact Weapon . | . . . . Slashing Weapon . | . . . . Piercing Weapon . | . . . . Special Melee Weapon . | . . . . Unidentified Prototypes . | . . . . Corrupted Parts 1 | . 1 . . System Corruption 1 | . 1 . . Parts Lost 5 | . . . 5 Power 1 | . . . 1 Propulsion 1 | . . . 1 Utility . | . . . . Weapon 3 | . . . 3 Highest Loss Streak 1 | . . . 1 To Critical Strikes . | . . . . Average Slot Usage (%) 93 | . 92 100 93 Engine 12 | . 14 14 12 Treads 12 | . . . 16 Leg 1 | . 7 . . Wheel 7 | . . . 9 Hover 4 | . 18 28 . Device 5 | . 5 14 4 Storage 10 | . 3 . 12 Processor 4 | . 14 14 1 Protection 6 | . . . 8 Energy Gun 6 | . 20 24 3 Ballistic Gun 15 | . 6 . 18 Launcher 1 | . . . 1 Special Weapon 1 | . . 4 2 Naked Turns . | . . . . Heaviest Build 21 | 11 12 10 21 Greatest Support 40 | 20 20 12 40 Greatest Overweight (x) 2 | . 1 . 2 Average Overweight (x) . | . . . . Largest Inventory Capacity 8 | . 8 5 8 Average Capacity 7 | . 5 5 7 Most Carried 8 | . 8 5 8 Average Carried 6 | . 4 4 7 Final Capacity 8 | 8 5 5 8 Final Carried 8 | 6 4 5 8 Class Distribution -------------------- 49% | Derelict-Mutant 46% | Mutant 3% | Scavenger-Mutant Dominant Class ---------------- Mutant | -10/Materials Mutant | -10/Mines Derelict-Mutant | -10/Subcaves Resources | -11 -10 -10 -10 ----------- Run | Yrd Mat Min Sub Matter Collected 1012 | 200 136 10 666 Remotely . | . . . . Salvage Created 885 | . 388 30 467 Parts 51 | . 22 3 26 Haulers Intercepted . | . . . . Recyclers Shooed 1 | . 1 . . Parts Field Recycled . | . . . . Retrieved Matter . | . . . . Parts Self-Destructed 17 | . . . 17 Prevented . | . . . . Kills | -11 -10 -10 -10 ------- Run | Yrd Mat Min Sub Combat Hostiles Destroyed 18 | . 5 . 13 Guns 13 | . 3 . 10 AOE 5 | . 2 . 3 Classes Destroyed 10 | . 5 1 4 Builder 1 | . 1 . . Tunneler 1 | . . 1 . Recycler 1 | . 1 . . Operator 2 | . 2 . . Turret 1 | . . . 1 Watcher 3 | . 3 . . Swarmer 1 | . . . 1 Grunt 7 | . 5 . 2 Artisan 3 | . . . 3 Subdweller 10 | . . . 10 Best Kill Streak 5 | . 5 1 2 Combat Bots Only 2 | . 2 . 2 Max Kills in Single Turn 2 | . 2 1 1 Gunslinging . | . . . . Exploded 1 | . 1 . 1 Melee . | . . . . Uniques/NPCs Destroyed . | . . . . Combat | -11 -10 -10 -10 -------- Run | Yrd Mat Min Sub Hostile Shots Fired 109 | . 14 . 95 Missed 44 | . 7 . 37 Damage Taken 1284 | . 158 6 1120 Core 261 | . 44 . 217 Absorbed by Shields . | . . . . Core Remaining (%) 100 | 100 . . . Volleys Fired 146 | . 27 8 111 Largest 2 | . 2 2 2 Hottest 120 | . 90 100 120 Shots Fired 231 | . 46 11 174 Gun 207 | . 46 6 155 Cannon . | . . . . Launcher 6 | . . . 6 Special 18 | . . 5 13 Kinetic 142 | . 10 . 132 Thermal 37 | . . 5 32 Explosive 4 | . . . 4 Electromagnetic 48 | . 36 6 6 Robot Hit Streak 16 | . 5 4 16 Robot Miss Streak 4 | . 4 1 3 Penetration Max . | . . . . Secondary Targets 1 | . . . 1 Max Gunslinging Chain 1 | . . . 1 Shots Hit Robots 126 | . 30 6 90 Core Hits 50 | . 20 . 30 Critical Kills 1 | . . . 1 Critical Parts Destroyed 1 | . . . 1 Critical Strikes 2 | . . . 2 Destroy 2 | . . . 2 Melee Attacks . | . . . . Impact . | . . . . Slashing . | . . . . Piercing . | . . . . Sneak Attacks . | . . . . Combat Hostiles . | . . . . Follow-up Attacks . | . . . . Damage Inflicted 2430 | . 658 121 1651 Guns 1741 | . 462 82 1197 Cannons . | . . . . Explosions 682 | . 196 39 447 Melee . | . . . . Ramming 7 | . . . 7 Kinetic 1071 | . 83 . 988 Thermal 484 | . 196 39 249 Explosive 312 | . . . 312 Electromagnetic 556 | . 379 82 95 Impact . | . . . . Slashing . | . . . . Piercing . | . . . . Highest Corruption 2 | . 2 2 2 Average Corruption 1 | . 1 2 2 Corruption Purged . | . . . . Corruption Blocked . | . . . . Effects 35 | . 5 1 29 Message Errors 9 | . 1 . 8 Matter Fused 6 | . 1 1 4 Heat Flow Errors 3 | . . . 3 Energy Discharges 3 | . 1 . 2 Data Loss (minor) 5 | . . . 5 Data Loss (major) 1 | . . . 1 Misfires 5 | . 1 . 4 Alerts 1 | . . . 1 Weapon Failures 2 | . 1 . 1 Overload Shots . | . . . . Overflow Damage 31 | . . 31 . Projectiles . | . . . . Explosions 31 | . . 31 . Melee . | . . . . Knockbacks . | . . . . Impact . | . . . . Kinetic . | . . . . Secondary . | . . . . Self-Inflicted Damage 145 | . 80 6 59 Shots 5 | . 3 1 1 Rammed 6 | . . . 6 Targets Rammed 6 | . . . 6 Kicked . | . . . . Crushed . | . . . . Highest Temperature 214 | . 84 126 214 Average Temperature 42 | . 27 64 48 Received Heat Transfer 306 | . 42 . 264 Siege Activations . | . . . . Robots Corrupted . | . . . . Combat Hostiles . | . . . . Parts Fried 1 | . 1 . . Impact Corruptions . | . . . . Robots Melted . | . . . . Combat Hostiles . | . . . . Parts Melted 2 | . . . 2 Heat Transferred 650 | . 300 50 300 Parts Sabotaged . | . . . . Parts Stolen . | . . . . Parts Stripped . | . . . . Power Chain Reactions 6 | . 5 1 . Alert | -11 -10 -10 -10 ------- Run | Yrd Mat Min Sub Peak Influence 238 | . 238 27 . Initial 20 | . . 20 . Average 106 | . 119 26 . Maximum Alert Level 1 | . 1 . . Low Security (%) 73 | . 69 100 . Level 1 26 | . 30 . . Level 2 . | . . . . Level 3 . | . . . . Level 4 . | . . . . Level 5 . | . . . . High Security . | . . . . Max Security . | . . . . Squads Dispatched 4 | . 4 . . Investigation 2 | . 2 . . Extermination . | . . . . Reinforcement 2 | . 2 . . Assault . | . . . . Garrison . | . . . . Intercept . | . . . . Searches Triggered . | . . . . Construction Impeded . | . . . . Haulers Reinforced . | . . . . Active Scanning Responses . | . . . . Cargo Convoy Interrupts . | . . . . Stealth | -11 -10 -10 -10 --------- Run | Yrd Mat Min Sub Distress Signals 1 | . 1 . . Communications Jammed . | . . . . Distress Signals . | . . . . Times Spotted 49 | . 12 . 37 Peak Tracking Total 5 | . 4 . 5 Tactical Retreats 2 | . . . 2 Traps | -11 -10 -10 -10 ------- Run | Yrd Mat Min Sub Traps Triggered 1 | . 1 . . Indirectly . | . . . . Trap Hack Attempts . | . . . . Triggered . | . . . . Disarmed . | . . . . Reprogrammed . | . . . . Reused . | . . . . Traps Extracted . | . . . . Installed . | . . . . Triggered . | . . . . Most Traps Carried 1 | . . . 1 Machines | -11 -10 -10 -10 ---------- Run | Yrd Mat Min Sub Machines Disabled 4 | . 1 . 3 Max in Single Turn 1 | . 1 . 1 Machines Repaired . | . . . . Machines Dismantled . | . . . . Machines Sabotaged . | . . . . Overloaded Fab Kills . | . . . . Hacking | -11 -10 -10 -10 --------- Run | Yrd Mat Min Sub Machines Accessed 5 | . 4 . 1 Terminals 4 | . 4 . . Fabricators . | . . . . Repair Stations . | . . . . Recycling Units . | . . . . Scanalyzers . | . . . . Garrison Access . | . . . . Total Hacks 15 | . 14 . 1 Successful 9 | . 8 . 1 Failed 6 | . 6 . . Catastrophic 3 | . 3 . . Database Lockouts . | . . . . Manual 11 | . 11 . . Terminals 14 | . 14 . . Fabricators . | . . . . Repair Stations . | . . . . Recycling Units . | . . . . Scanalyzers . | . . . . Garrison Access . | . . . . Terminal Hacks 4 | . 3 . 1 Prototype ID Bank 1 | . 1 . . Alert Level 1 | . 1 . . Zone Layout 1 | . 1 . . Derelict Proto ID Bank 1 | . . . 1 Fabricator Hacks . | . . . . Repair Station Hacks . | . . . . Recycling Unit Hacks . | . . . . Scanalyzer . | . . . . Garrison Access Hacks . | . . . . Unauthorized Hacks 5 | . 5 . . Terminals 5 | . 5 . . Track 1 | . 1 . . Botnet 2 | . 2 . . Operators 1 | . 1 . . Sabotage 1 | . 1 . . Fabricators . | . . . . Repair Stations . | . . . . Recycling Units . | . . . . Scanalyzers . | . . . . Garrison Access . | . . . . Data Cores Recovered . | . . . . Used . | . . . . Hacking Detections 4 | . 4 . . Full Trace Events 1 | . 1 . . Feedback Events 1 | . 1 . . Corruption 1 | . 1 . . Feedback Blocked . | . . . . Robot Schematics Acquired . | . . . . Robots Built . | . . . . Authchips . | . . . . Time . | . . . . Total Robot Build Rating . | . . . . Part Schematics Acquired . | . . . . Parts Built . | . . . . Authchips . | . . . . Time . | . . . . Total Part Build Rating . | . . . . Parts Repaired . | . . . . Time . | . . . . Parts Recycled . | . . . . Recycled Matter . | . . . . Retrieved Matter . | . . . . Retrieved Components . | . . . . Parts Scanalyzed . | . . . . Part Schematics Acquired . | . . . . Parts Damaged . | . . . . Bothacking | -11 -10 -10 -10 ------------ Run | Yrd Mat Min Sub Used RIF Installer . | . . . . Robots Hacked . | . . . . Non-combat . | . . . . Combat . | . . . . Robot Hacks Applied . | . . . . Relay Couplers Released . | . . . . Fabnet Peak Effective % . | . . . . Robots Rewired . | . . . . Allies Hacked . | . . . . Hacks Repelled . | . . . . Allies | -11 -10 -10 -10 -------- Run | Yrd Mat Min Sub Total Allies 2 | . . 2 . Largest Group 2 | . . 2 2 Highest-Rated Group 50 | . . 46 50 Highest-Rated Ally 31 | . . 31 31 Total Orders . | . . . . Ally Attacks 27 | . . . 27 Total Damage 414 | . . . 414 Kills 2 | . . . 2 Allies Corrupted . | . . . . Allies Melted . | . . . . Intel | -11 -10 -10 -10 ------- Run | Yrd Mat Min Sub Robot Analysis Total . | . . . . Derelict Logs Recovered . | . . . . Drone Launches . | . . . . Drone Recoveries . | . . . . Exploration | -11 -10 -10 -10 ------------- Run | Yrd Mat Min Sub Turns Passed 2543 | . 467 70 2006 Spaces Moved 1546 | 1 342 65 1138 Core . | . . . . Treads 640 | . . . 640 Legs 68 | 1 67 . . Wheels 478 | . . . 478 Hover 360 | . 275 65 20 Flight . | . . . . Fastest Speed 56 | 120 56 56 56 Average Speed 120 | 120 75 56 137 Slowest Speed 180 | 120 120 56 180 Overloaded Moves . | . . . . Propulsion Burnouts . | . . . . Robots Hopped . | . . . . Cave-ins Triggered . | . . . . Exploration Rate (%) 34 | 1 59 17 59 Regions Visited 3 Branch Regions 2 Pre-discovered Areas 1 | . . . 1 Known Exits Taken 2 | . 1 1 . Unknown Exits Taken 1 | 1 . . . Scrap Searched 7 | . . . 7 Spaces Dug 1 | . . . 1 Terrain Destroyed 66 | . 9 4 53 Melee . | . . . . Projectile 1 | . . . 1 AOE 65 | . 9 4 52 Terrain Rammed . | . . . . Walls Destroyed . | . . . . Machines Disabled . | . . . . Actions | -11 -10 -10 -10 --------- Run | Yrd Mat Min Sub Total 1968 | . 509 76 1383 Wait 165 | . 109 2 54 Move 1543 | . 341 64 1138 Hop . | . . . . Pick Up 16 | . 7 1 8 Fast Attach 17 | . 4 . 13 Attach 10 | . 2 . 8 Detach 8 | . 2 . 6 Swap 27 | . 5 1 21 Drop 30 | . 12 . 18 Fire 146 | . 27 8 111 Melee . | . . . . Ram . | . . . . Kick . | . . . . Crush 6 | . . . 6 Escape Stasis . | . . . . Rewire . | . . . . Trap . | . . . . Miscellaneous . | . . . . Route ------- -11/Scrapyard -10/Materials (discovered 3 exits: *Mat x2 / *Min) -10/Mines -10/Subcaves (discovered 3 exits: [*Mat x2] / [*Rec]) History --------- Turn | Location | Event 1 | -11/Scrapyard | Discovered new exit (range 0) 1 | -11/Scrapyard | Entered Materials 265 | -10/Materials | Discovered new exit (range 17) 289 | -10/Materials | Discovered new exit (range 11) 316 | -10/Materials | Discovered new exit (range 11) 442 | -10/Materials | Identified exit to Materials 465 | -10/Materials | Identified exit to Mines 468 | -10/Materials | Entered Mines 531 | -10/Mines | Discovered new exit (range 4) 535 | -10/Mines | Identified exit to Subcaves 538 | -10/Mines | Entered Subcaves 538 | -10/Subcaves | Accompanied by 2 allies 543 | -10/Subcaves | Led the pair of lost Derelicts to an unsafe place 565 | -10/Subcaves | Disturbed a concealed Subdweller 622 | -10/Subcaves | Build established: Mutant 643 | -10/Subcaves | A swath of the cavern ceiling suddenly collapsed 686 | -10/Subcaves | Discovered new exit (range 5) 695 | -10/Subcaves | Shifting Twisted Machinery released Sub. Laser 695 | -10/Subcaves | Shifting Twisted Machinery released Sub. Monowheel 770 | -10/Subcaves | Ambushed by Subdwellers from Twisted Machinery 779 | -10/Subcaves | Core integrity fell below 50% 1060 | -10/Subcaves | A swath of the cavern ceiling suddenly collapsed 1123 | -10/Subcaves | Shifting Twisted Machinery released Sub. Machine Gun 1123 | -10/Subcaves | Shifting Twisted Machinery released Battle Cannon 1134 | -10/Subcaves | Shifting Twisted Machinery released Piercing Trap 1231 | -10/Subcaves | Discovered new exit (range 15) 1407 | -10/Subcaves | Learned location of Zion (-6) 1407 | -10/Subcaves | Met a Zionite searching for "candidates" 1592 | -10/Subcaves | Build established: Derelict-Mutant 2000 | -10/Subcaves | Discovered new exit (range 8) 2221 | -10/Subcaves | Visited 4L-MR0's lab 2239 | -10/Subcaves | Found Lrg. Botcube 2256 | -10/Subcaves | Found Rainbow Chip 2258 | -10/Subcaves | Attached Rainbow Chip, gained temporary slots: Power, Propulsion, Utility, Weapon 2524 | -10/Subcaves | Ambushed by angry Subdweller bent on revenge 2533 | -10/Subcaves | Core integrity fell below 20% 2544 | -10/Subcaves | Destroyed by PT-G7U(R) with Subdweller Machine Gun Last Messages --------------- 02259_ Acquired Mak. Light Armor Plating. 02307_ TA35UMU CMYMDP#/CS,BZCM/BL 02324_ TU-QM2(R): "MADSUB!" 02327_ Slammed into TU-QM2(R). 02329_ Barrage Gun destroyed. 02334_ Slammed into TU-QM2(R). 02335_ TU-QM2(R) destroyed. 02337_ Acquired 26 matter. 02367_ System corrupted: Matter fused (-9). 02392_ Map ----- +----------------------------------------------------+ | ?????????# ##?????????## ## ### | | ?????????# % #?????????# # | | ?????????# ### #???###???# # | | ?????????## ### ######<##### ### # | | ??????????## ###"""" """"## ###?## # | | ???????????# ##?# % " "## ##????###"" | | ???????????# ##?#" % "## " #???????"# | | ??????????## #?? % % ## ####???###### | | ??????????# #??? ## ##????? ##? | | ??????????## ##??? ??## ####? " # | | ???????????## ##### ##???## "" "" ## ? | | ????????????## ## % #### ###" "" """#??? | | ?????????????# = #?# ""##???? | | ?????????????# ## ### #####??? | | ?????????????##### ### ### ##"#"###? | | ?????????????????### ## % ### [ " "#? | | ???????????????????######## #?##!! # #? | | ???????????????#?????????## #### &= ### #? | | ???????????????# ##?????## ######?#" ## #? | | ???????????????# #???## ##?????##""["" ### #? | | ???????????????# #### ##???# ## " "" ## ##? | | ???????????????# ###??# # """ #? | | ????????????????# ;;#??# ## # " ""# | | #############???## ;#?# #?## ### "<" | | ""#"##""## ##???## ;#### #???#" "### " " | | "" " "#""# ####?## @ ;#?##????# ""#?##"""# | | "###[##"## ##?## ##??????# ##??##"## | | "######"# #??#; " #????## "#????##? | | # "#??### ####; ;;"######## ""#??????? | | "###???# "#; ;;##### # ""#??????? | | """#???# ### ""#;; R ###?#" """" # "##??????? | | #"##???#####?#### "#### #?## "" " #???????? | | "##????????????##" # # ### = """" #??????? | | "###????????####""" = "" !* " """""""" #?????? | | " #???????? "" "" ### # # """""" ""##?????? | | #" #???????["" "##?## #####&"" """#####??????? | | ###??????""" #####???# #???##"""""##??????????? | | #???????""]"#???????# #???## "##???????????? | | #???????# #????????## ###?????####????????????? | | ###???????###??????????###???????????????????????? | | ?????????????????????????????????????????????????? | | ?????????????????????????????????????????????????? | | ?????????????????????????????????????????????????? | | ?????????????????????????????????????????????????? | | ?????????????????????????????????????????????????? | | ?????????????????????????????????????????????????? | | ?????????????????????????????????????????????????? | | ?????????????????????????????????????????????????? | | ?????????????????????????????????????????????????? | | ?????????????????????????????????????????????????? | +----------------------------------------------------+ Best States ------------- Heat Dissipation 25 Energy Generation 15 Energy Capacity 200 Matter Stores 300 Matter Capacity 300 Sight Range 18 Robot Scan Range 14 Terrain Scan Density 10 Armor Coverage 100 Evasion (%) 55 Recoil Reduction 2 Item Schematics ----------------- None Robot Schematics ------------------ None Fabricated ------------ Nothing Alien Tech Used ----------------- None Achievements -------------- None Challenges ------------ None Game ------ Seed SpliceNullKatana Manual? 0 Play Time 00:18:28 Cumulative 668.1 hours Start 2024.02.21 @ 18:18:56 End 2024.02.21 @ 18:34:10 Sessions 1 Manual Loads 0 Difficulty Rogue Special Mode None Game No. 673 Rogue 398 Adventurer 123 Explorer 152 Win Type - Total 25 Types 19/0/4/1/0/0/0/1/0 Lore% 80 Gallery% 91 Achievement% 76 Wizard Run 0 Options --------- Layout 0 ASCII 0 Keyboard 1 Movement Numpad Keybinds 0 Fullscreen 2 Font 18/SmallcapsGlow Map View 76x50 Zoom Use 0% Tactical HUD 1 Map Filters NONE Filters NONE Steam 1 RUN: 414c277f-ebc8-4151-a33c-cfb255227d66